Map: Oceanborn LE

Players

VITSolar (Solar)

  • Race: Zerg Zerg
  • League: Master
  • Spawn Location: 5:00

ShoWTimE - Winner!

  • Race: Protoss Protoss
  • League: Master
  • Spawn Location: 11:00

Event: Bellum Gens Elite Stara Zagora 2024

VOD

Have the link to the VOD?

Description

Time

  • Played on: Sept. 8, 2024, 5:54 a.m.
  • Length: 27:15

All games in this series

Show
View Real Time Build Order
Export as new Build Order

VITSolar Zerg 

Build Orders: Hatch First, Lurkers, Roach Hydra 

Get SALT Encoding   

  12  0:00  Drone  
  13  0:07  Drone  
  14  0:17  Overlord  
  14  0:38  Drone  
  14  0:41  Drone  
  16  0:47  Hatchery  
  15  0:50  Drone  
  15  0:55  Drone  
  17  0:59  Drone  
  18  1:10  Extractor  
  17  1:15  Spawning Pool  
  17  1:17  Drone  
  17  1:21  Drone  
  18  1:31  Drone  
  19  1:44  Drone  
  20  1:55  Overlord  
  20  2:01  Queen x2  
  20  2:02  Zergling x2  
  20  2:06  Zergling x2  
  26  2:10  Drone  
  26  2:15  Metabolic Boost  
  27  2:16  Drone  
  27  2:22  Drone  
  29  2:26  Drone  
  30  2:35  Hatchery  
  30  2:37  Drone  
  30  2:43  Queen  
  32  2:47  Overlord  
  32  2:53  Drone x2  
  32  2:55  Drone  
  35  3:00  Drone  
  35  3:05  Queen  
  38  3:07  Drone  
  38  3:10  Drone x2  
  38  3:12  Drone  
  42  3:16  Overlord  
  42  3:21  Queen  
  42  3:24  Overlord  
  44  3:35  Drone x3  
  44  3:37  Drone  
  44  3:41  Overlord  
  47  3:44  Spore Crawler  
  47  3:46  Queen  
  47  3:48  Queen  
  48  3:49  Drone  
  48  3:54  Drone  
  48  3:55  Zergling x4  
  54  3:56  Zergling x2  
  54  4:00  Drone x3  
  54  4:02  Drone  
  59  4:06  Spore Crawler  
  59  4:07  Drone  
  59  4:11  Zergling x2, Evolution Chamber  
  59  4:13  Overlord  
  59  4:18  Drone  
  59  4:19  Drone x2  
  59  4:20  Drone  
  59  4:22  Drone  
  64  4:27  Zergling x4  
  66  4:31  Overlord  
  66  4:33  Overlord  
  66  4:34  Drone x2  
  66  4:37  Zerg Melee Weapons Level 1  
  68  4:39  Drone x2  
  68  4:42  Spore Crawler  
  68  4:43  Extractor  
  68  4:45  Drone x2  
  70  4:46  Drone  
  69  4:55  Drone x3  
  69  4:57  Zergling x6  
  74  5:00  Drone x2  
  74  5:01  Drone  
  74  5:04  Overlord  
  77  5:11  Baneling Nest  
  77  5:13  Drone x2  
  77  5:14  Drone x4  
  76  5:26  Lair  
  76  5:30  Extractor  
  76  5:31  Drone  
  76  5:32  Drone x2  
  76  5:33  Hatchery  
  76  5:34  Drone  
  78  5:39  Drone  
  78  5:40  Drone  
  78  5:41  Roach Warren  
  78  5:42  Drone x2  
  78  5:44  Drone x2, Extractor  
  78  5:45  Extractor  
  78  5:47  Drone x2  
  78  5:48  Drone  
  82  5:53  Drone  
  82  5:55  Drone  
  84  5:57  Zergling x2  
  84  5:58  Zergling x8  
  89  6:06  Overlord x2  
  89  6:07  Drone  
  89  6:10  Drone x2  
  92  6:11  Drone  
  92  6:14  Drone x3  
  96  6:19  Extractor  
  95  6:27  Glial Reconstitution  
  95  6:28  Spire, Roach x6  
  95  6:29  Overseer  
  95  6:30  Drone  
  95  6:32  Drone  
  108  6:36  Zerg Missile Weapons Level 1  
  108  6:37  Extractor  
  108  6:38  Overlord  
  107  6:44  Drone x3  
  107  6:46  Drone x2  
  112  6:48  Spore Crawler  
  112  6:49  Drone  
  112  6:53  Drone x3  
  112  6:55  Roach  
  112  6:56  Infestation Pit, Roach x3  
  112  6:57  Drone x2  
  112  6:58  Drone  
  122  7:05  Extractor, Roach  
  122  7:09  Roach x2  
  122  7:11  Overlord  
  122  7:12  Overlord  
  126  7:19  Overlord  
  126  7:22  Overlord  
  122  7:24  Roach x3  
  122  7:29  Drone  
  128  7:30  Hydralisk Den  
  128  7:33  Drone x2  
  128  7:34  Drone x2, Hive  
  128  7:35  Drone x7  
  135  7:43  Roach x2  
  139  7:48  Overlord x2  
  139  7:50  Drone  
  140  7:53  Drone  
  141  7:59  Overlord  
  141  8:00  Pneumatized Carapace  
  141  8:02  Spine Crawler  
  141  8:03  Hatchery, Grooved Spines, Lurker Den  
  141  8:05  Hydralisk x3  
  137  8:10  Overlord  
  137  8:11  Hydralisk  
  137  8:12  Hydralisk  
  147  8:16  Overseer  
  147  8:19  Zergling x14  
  154  8:26  Hydralisk x4  
  162  8:31  Zerg Missile Weapons Level 2  
  162  8:34  Overlord  
  162  8:39  Hydralisk x4  
  166  8:49  Zergling x14  
  166  8:51  Extractor  
  166  8:52  Extractor  
  166  8:53  Drone x3, Muscular Augments  
  174  9:01  Lurker x9  
  183  9:03  Seismic Spines  
  183  9:09  Zergling x18  
  192  9:16  Adrenal Glands  
  190  9:19  Hydralisk x3  
  190  9:20  Zergling x2  
  190  9:24  Hydralisk x2  
  197  9:25  Overlord  
  197  9:32  Overlord  
  197  9:36  Drone  
  197  9:37  Spine Crawler  
  197  9:38  Spine Crawler, Drone  
  197  9:40  Lurker  
  197  9:41  Lurker  
  196  9:48  Hydralisk x4  
  196  9:49  Zergling x4  
  191  9:54  Hydralisk  
  191  9:57  Lurker  
  193  10:00  Lurker x5, Adaptive Talons  
  193  10:01  Hydralisk  
  200  10:13  Zergling x2, Hydralisk x3  
  200  10:14  Zergling x14  
  197  10:35  Hydralisk x3  
  191  10:37  Overlord  
  191  10:40  Zergling x2  
  191  10:41  Zergling x20  
  191  10:42  Hydralisk x3  
  194  10:47  Lurker  
  194  10:48  Overlord x2  
  194  10:49  Overlord  
  197  10:52  Overlord x2  
  190  11:07  Lurker x10  
  200  11:11  Overseer  
  200  11:16  Spire  
  200  11:18  Zerg Ground Armor Level 1  
  199  11:21  Drone  
  199  11:36  Hatchery  
  199  11:38  Hydralisk x5  
  198  11:46  Zergling x20  
  200  11:55  Overseer x2  
  200  11:56  Hydralisk  
  200  11:58  Zergling x2  
  200  12:03  Hydralisk, Ravager  
  194  12:12  Hydralisk x8  
  194  12:13  Zergling x2  
  194  12:14  Zergling x6  
  193  12:23  Lurker x5  
  198  12:33  Queen x2  
  198  12:37  Zergling x24  
  191  12:38  Zergling x2  
  191  12:40  Zergling x10  
  199  12:50  Hydralisk  
  192  13:02  Hydralisk x3  
  192  13:04  Lurker x7  
  192  13:05  Lurker  
  194  13:06  Hydralisk x2  
  194  13:11  Drone x3  
  199  13:14  Drone x2  
  199  13:17  Hydralisk x8  
  195  13:41  Viper, Spire  
  195  13:43  Zergling x4  
  196  13:59  Lurker x3  
  197  14:11  Zergling x16  
  192  14:25  Zergling x6  
  192  14:26  Zergling x12  
  192  14:28  Zergling x14  
  192  14:29  Zergling x12  
  192  14:30  Hydralisk x2  
  189  14:32  Lurker x5  
  191  14:49  Hydralisk x3  
  173  14:54  Zerg Flyer Weapons Level 1, Corruptor x13  
  173  14:59  Hatchery  
  193  15:04  Corruptor x2  
  195  15:09  Drone x2  
  186  15:18  Lurker x3, Hydralisk x4  
  186  15:19  Zergling x4  
  195  15:22  Drone  
  195  15:24  Zergling x6  
  199  15:28  Overseer  
  199  15:30  Lurker  
  200  15:41  Zergling x2  
  177  16:14  Hydralisk x4  
  177  16:15  Zergling x18  
  177  16:17  Hydralisk x2  
  194  16:20  Zerg Missile Weapons Level 3  
  194  16:23  Lurker x4  
  194  16:24  Zergling x10  
  200  16:31  Overlord  
  200  16:36  Overlord  
  200  16:37  Overseer x3  
  200  16:50  Extractor  
  200  16:51  Extractor  
  200  16:53  Drone x3  
  199  16:57  Zergling x2  
  198  17:03  Zergling x22  
  198  17:04  Zergling x2  
  197  17:10  Hatchery  
  197  17:11  Hydralisk  
  198  17:16  Hydralisk  
  198  17:18  Zerg Flyer Weapons Level 2  
  197  17:27  Hydralisk  
  197  17:28  Zergling x2  
  199  17:31  Lurker  
  199  17:33  Zergling x2  
  199  17:34  Zergling x2  
  195  17:52  Zergling x8  
  187  18:07  Hydralisk x8  
  193  18:12  Hydralisk  
  193  18:13  Hydralisk x2  
  192  18:25  Hydralisk x3  
  192  18:26  Zergling x2, Hydralisk x2  
  192  18:27  Zergling x4  
  197  18:28  Overlord x2  
  197  18:34  Drone x2  
  195  18:36  Drone  
  195  18:37  Drone  
  197  18:42  Overlord  
  197  18:47  Hatchery  
  194  18:51  Lurker x3  
  195  18:56  Overseer  
  195  18:59  Overlord  
  191  19:03  Zergling x6  
  191  19:04  Zergling x10  
  196  19:18  Spore Crawler  
  196  19:19  Spore Crawler  
  192  19:27  Hydralisk x3  
  192  19:30  Lurker x8  
  200  19:37  Viper  
  198  19:42  Zergling x2  
  198  19:43  Zergling x16  
  199  19:54  Overseer  
  199  19:56  Hydralisk  
  199  19:57  Hydralisk x4  
  186  20:12  Hydralisk x7  
  194  20:36  Lurker x2  
  194  20:38  Zergling x8  
  200  20:47  Corruptor  
  198  21:06  Zerg Ground Armor Level 2  
  195  21:17  Zergling x16  
  187  21:34  Hydralisk x6  
  187  21:36  Zergling x2  
  188  21:56  Hydralisk x6  
  188  22:00  Zergling x4  
  200  22:05  Zergling x6  
  200  22:14  Overlord x2  
  192  22:26  Corruptor x2  
  192  22:27  Corruptor  
  192  22:28  Zergling x8  
  196  22:34  Viper  
  199  22:41  Extractor  
  198  22:44  Lurker x2  
  200  22:53  Greater Spire  
  198  23:00  Zergling x2  
  198  23:01  Zergling x2  
  198  23:14  Queen  
  198  23:31  Zergling x10  
  191  23:44  Spore Crawler  
  191  23:45  Spore Crawler, Corruptor x3  
  195  23:52  Lurker x2  
  195  23:53  Overlord x2  
  194  23:56  Overlord  
  194  24:01  Overlord  
  194  24:02  Zergling x14  
  197  24:08  Overlord  
  195  24:19  Zergling x10  
  195  24:22  Overseer  
  179  24:38  Overseer x2  
  179  24:42  Lurker x3  
  179  24:43  Lurker, Hydralisk x2  
  179  24:44  Hydralisk x2  
  188  24:46  Hatchery  
  188  24:51  Hydralisk x2  
  188  24:52  Zergling x16, Hydralisk  
  196  24:55  Hatchery  
  196  25:10  Zergling x10  
  196  25:13  Extractor  
  196  25:14  Extractor  
  196  25:15  Zergling x8  
  196  25:20  Zergling x4  
  193  25:28  Hydralisk x4  
  196  25:41  Zergling x10  
  192  25:55  Zergling x20  
  190  26:01  Zergling x2  
  190  26:02  Zergling x8  
  175  26:16  Hydralisk x3  
Show
View Real Time Build Order
Export as new Build Order

ShoWTimE Protoss - Winner!

Build Orders: 1 Gate Expand, Oracle Opening, Archon Immortal 

Get SALT Encoding   

  12  0:00  Probe  
  13  0:12  Probe  
  14  0:17  Pylon  
  14  0:24  Probe  
  14  0:27  Assimilator  
  15  0:36  Probe (Chrono Boost)  
  15  0:42  Gateway  
  16  0:48  Probe (Chrono Boost)  
  17  0:55  Probe (Chrono Boost)  
  18  1:03  Probe  
  19  1:15  Probe  
  20  1:23  Nexus  
  20  1:31  Cybernetics Core  
  20  1:35  Probe  
  21  1:40  Assimilator  
  21  1:47  Probe  
  21  1:49  Pylon  
  22  1:59  Probe  
  23  2:05  Adept (Chrono Boost)  
  25  2:10  Stargate  
  25  2:11  Probe (Chrono Boost)  
  26  2:20  Warp Gate  
  27  2:23  Probe (Chrono Boost)  
  27  2:28  Probe (Chrono Boost)  
  30  2:30  Stalker  
  30  2:35  Probe (Chrono Boost)  
  31  2:44  Probe x2 (Chrono Boost)  
  33  2:49  Probe (Chrono Boost)  
  33  2:50  Probe  
  34  2:57  Oracle (Chrono Boost)  
  38  3:01  Probe  
  38  3:02  Probe  
  38  3:03  Adept  
  42  3:07  Pylon  
  42  3:13  Probe  
  43  3:20  Probe  
  43  3:25  Probe  
  43  3:26  Oracle (Chrono Boost)  
  45  3:32  Probe  
  45  3:34  Pylon  
  49  3:37  Probe  
  50  3:43  Nexus  
  50  3:46  Probe  
  51  3:50  Probe  
  51  3:51  Assimilator  
  51  3:53  Assimilator  
  52  3:56  Oracle (Chrono Boost)  
  52  3:59  Probe  
  52  4:02  Pylon, Probe  
  57  4:11  Probe  
  57  4:13  Adept  
  57  4:14  Probe  
  61  4:22  Forge, Twilight Council  
  61  4:23  Probe  
  62  4:26  Probe  
  63  4:35  Probe  
  63  4:38  Robotics Facility, Probe  
  65  4:40  Pylon  
  65  4:41  Adept  
  67  4:47  Probe  
  67  4:48  Shield Battery  
  67  4:50  Probe  
  69  4:57  Probe (Chrono Boost)  
  71  5:01  Adept, Probe (Chrono Boost)  
  71  5:02  Probe (Chrono Boost)  
  71  5:04  Charge, Protoss Ground Weapons Level 1 (Chrono Boost)  
  74  5:09  Probe (Chrono Boost)  
  75  5:14  Probe (Chrono Boost)  
  75  5:16  Probe (Chrono Boost)  
  75  5:17  Probe (Chrono Boost)  
  75  5:19  Probe (Chrono Boost)  
  68  5:23  Probe x2  
  68  5:24  Sentry  
  68  5:26  Observer  
  73  5:28  Probe  
  73  5:29  Pylon  
  73  5:33  Gateway  
  73  5:35  Probe x2  
  75  5:36  Photon Cannon  
  75  5:40  Gateway  
  75  5:41  Probe  
  75  5:42  Gateway, Photon Cannon  
  77  5:44  Photon Cannon  
  77  5:47  Probe  
  77  5:48  Sentry, Pylon, Immortal (Chrono Boost)  
  84  5:57  Gateway  
  84  5:59  Gateway  
  84  6:00  Phoenix  
  84  6:03  Templar Archives  
  84  6:04  Assimilator  
  84  6:08  Assimilator  
  84  6:13  Probe  
  84  6:14  Gateway  
  84  6:15  Gateway  
  84  6:18  Warp Prism (Chrono Boost)  
  85  6:20  Zealot  
  89  6:32  Zealot  
  91  6:36  Zealot x2  
  91  6:38  Blink  
  95  6:45  Pylon  
  95  6:46  Pylon  
  99  6:47  Immortal (Chrono Boost)  
  99  6:55  Nexus  
  99  6:59  Phoenix  
  101  7:02  Pylon  
  101  7:07  Probe x3, Photon Cannon  
  104  7:08  Shield Battery  
  104  7:09  High Templar x2  
  104  7:11  High Templar x2  
  104  7:14  Pylon, Protoss Ground Weapons Level 2 (Chrono Boost), Archon  
  104  7:15  Archon  
  112  7:19  Photon Cannon  
  112  7:23  Immortal (Chrono Boost)  
  112  7:28  Pylon  
  112  7:29  Probe x3  
  119  7:42  Gateway, Photon Cannon  
  119  7:44  Gateway  
  119  7:45  Probe x2  
  119  7:46  Probe  
  119  7:51  Zealot x2  
  126  7:52  Assimilator  
  126  7:53  Immortal (Chrono Boost)  
  126  7:54  Assimilator  
  130  7:59  Pylon  
  130  8:00  High Templar  
  132  8:06  High Templar x3  
  132  8:09  Archon  
  132  8:10  Archon  
  132  8:11  Zealot x4  
  146  8:16  Probe  
  144  8:22  Immortal (Chrono Boost)  
  148  8:32  Pylon, Psionic Storm  
  148  8:33  Pylon  
  148  8:34  Zealot x4  
  156  8:44  High Templar x3  
  162  8:53  High Templar  
  164  8:58  Gateway  
  164  8:59  Gateway  
  164  9:02  Pylon  
  164  9:04  Shield Battery, Pylon  
  164  9:05  Photon Cannon, Immortal (Chrono Boost)  
  164  9:06  Protoss Air Weapons Level 1 (Chrono Boost)  
  164  9:18  Robotics Facility  
  164  9:19  High Templar x2  
  168  9:29  Photon Cannon  
  168  9:31  Shield Battery, Forge  
  168  9:33  Protoss Ground Weapons Level 3 (Chrono Boost), Pylon  
  168  9:37  Zealot x6  
  172  9:47  Immortal  
  176  9:54  Zealot x2  
  180  10:02  Protoss Ground Armor Level 1 (Chrono Boost), Photon Cannon  
  180  10:05  Pylon  
  180  10:10  Zealot x4  
  184  10:18  Zealot x3  
  190  10:26  Immortal x2  
  189  10:29  Zealot  
  189  10:32  Probe  
  189  10:34  Zealot  
  184  10:44  Probe x2  
  184  10:47  Zealot x3  
  188  10:57  Assimilator  
  188  10:58  Assimilator  
  188  11:02  Probe  
  189  11:12  Probe  
  189  11:13  Fleet Beacon  
  189  11:14  Stargate  
  190  11:23  High Templar x4  
  198  11:28  Archon x2  
  198  11:29  Protoss Air Armor Level 1 (Chrono Boost)  
  198  11:31  Observer  
  199  11:36  Stargate  
  199  11:45  Archon  
  199  11:56  Zealot x3  
  199  12:03  Protoss Shields Level 1 (Chrono Boost)  
  189  12:14  Protoss Ground Armor Level 2 (Chrono Boost)  
  173  12:24  Zealot x3, Nexus  
  173  12:25  Zealot x6  
  173  12:27  Tempest (Chrono Boost)  
  195  12:34  Tempest (Chrono Boost)  
  200  12:39  Pylon  
  186  12:51  Tempest (Chrono Boost)  
  172  12:52  Zealot x9  
  193  13:03  Nexus  
  193  13:05  Pylon  
  191  13:20  Protoss Air Weapons Level 2 (Chrono Boost)  
  191  13:22  Zealot x5  
  191  13:24  Photon Cannon  
  199  13:29  Nexus  
  199  13:34  Pylon  
  199  13:45  Photon Cannon  
  199  13:49  Observer  
  200  13:58  Photon Cannon  
  200  14:00  Photon Cannon  
  200  14:01  Photon Cannon  
  200  14:03  Photon Cannon  
  200  14:04  Shield Battery  
  200  14:07  Shield Battery  
  200  14:15  Zealot x5  
  200  14:26  Zealot x4  
  200  14:28  Immortal  
  200  14:30  Immortal  
  181  14:35  Pylon  
  173  14:42  Probe x3  
  173  14:45  Probe  
  176  14:49  High Templar x10  
  192  14:56  Archon x5  
  192  14:57  Tempest  
  193  15:03  Pylon  
  193  15:05  Pylon  
  192  15:13  Probe x4  
  196  15:15  Assimilator  
  196  15:17  Protoss Ground Armor Level 3 (Chrono Boost)  
  196  15:18  Assimilator  
  196  15:24  Photon Cannon  
  196  15:25  Protoss Shields Level 2 (Chrono Boost)  
  196  15:27  Photon Cannon  
  196  15:28  High Templar x2  
  200  15:29  Photon Cannon  
  200  15:30  Photon Cannon  
  200  15:34  Photon Cannon  
  200  15:42  Pylon  
  200  15:46  Protoss Air Weapons Level 3 (Chrono Boost)  
  200  16:10  Observer  
  191  16:13  Archon  
  191  16:14  Oracle (Chrono Boost), Zealot x5  
  190  16:25  Tempest x2 (Chrono Boost)  
  200  16:59  Nexus  
  200  17:02  Nexus  
  200  17:06  Tempest  
  191  17:10  Zealot x6  
  191  17:11  Zealot x2  
  199  17:17  Gateway  
  199  17:21  Pylon  
  199  17:22  Gateway  
  191  17:23  High Templar x2  
  191  17:27  Pylon  
  191  17:29  Photon Cannon  
  193  17:31  High Templar x3, Photon Cannon  
  193  17:32  High Templar, Photon Cannon  
  193  17:34  Photon Cannon  
  193  17:35  Shield Battery  
  181  17:48  Photon Cannon  
  181  17:49  Photon Cannon  
  181  17:51  Shield Battery  
  181  17:53  Pylon  
  181  18:08  Zealot x9  
  199  18:19  Photon Cannon  
  199  18:21  Photon Cannon  
  199  18:22  Photon Cannon  
  199  18:24  Photon Cannon  
  199  18:25  Shield Battery  
  199  18:27  Photon Cannon  
  199  18:28  Photon Cannon  
  199  18:30  Pylon  
  191  18:34  Observer  
  191  18:37  Protoss Air Armor Level 2 (Chrono Boost)  
  192  18:42  Assimilator  
  192  18:45  Assimilator  
  192  18:47  Photon Cannon  
  187  18:57  Nexus  
  187  18:58  High Templar x4  
  187  18:59  High Templar x2  
  199  19:02  Nexus  
  199  19:03  Archon x3  
  199  19:13  Photon Cannon  
  199  19:15  Shield Battery  
  199  19:45  Zealot x4, Photon Cannon  
  191  19:46  Shield Battery  
  191  19:51  Observer (Chrono Boost)  
  200  19:56  Oracle  
  176  20:03  Zealot  
  176  20:04  Zealot x4  
  170  20:08  High Templar x3  
  170  20:13  High Templar x2  
  179  20:17  Probe x2  
  181  20:26  Zealot x4  
  181  20:27  Zealot  
  191  20:34  High Templar x2  
  195  20:36  Immortal  
  195  20:40  Archon  
  199  20:43  Shield Battery  
  199  20:45  Shield Battery  
  199  20:47  Assimilator  
  194  20:51  Assimilator  
  194  20:57  Shield Battery  
  194  20:58  High Templar x2  
  194  21:00  Pylon  
  194  21:02  Archon  
  198  21:06  Protoss Shields Level 3 (Chrono Boost)  
  200  21:20  Protoss Air Armor Level 3 (Chrono Boost)  
  200  21:22  Mothership (Chrono Boost)  
  194  21:34  Immortal x2  
  194  21:35  High Templar x3  
  194  21:54  High Templar x7  
  185  22:09  Stalker x4  
  185  22:12  Observer  
  185  22:13  Observer  
  190  22:31  Tempest x2  
  200  22:48  Pylon  
  200  22:51  Pylon  
  200  22:52  Nexus  
  200  23:11  Photon Cannon  
  200  23:13  Photon Cannon  
  200  23:14  Photon Cannon  
  200  23:16  Photon Cannon  
  200  23:17  Photon Cannon  
  187  23:35  Zealot x6  
  188  23:57  Probe x2  
  188  23:58  Probe x4  
  188  24:01  High Templar  
  196  24:09  Probe  
  197  24:22  Zealot  
  196  24:37  Oracle  
  196  24:44  Tempest  
  198  25:06  Assimilator  
  198  25:11  Zealot  
  198  25:34  Shield Battery  
  198  25:37  Photon Cannon  
  198  25:38  Photon Cannon  
  198  25:41  Pylon  
  198  25:46  High Templar x4  
  196  25:56  Zealot x2  
  198  26:17  Zealot  
  182  26:44  High Templar x9  
  182  26:47  Nexus  
  200  26:50  Archon  
  200  26:51  Archon  
  200  26:57  Archon x2  
  200  26:58  Pylon  
Tags
 
Add a new tag
Caveats
  • Supply blocks, unpowered buildings, or Contaminate may cause inaccurate times.
  • Supply counts are checked every 10 seconds.